Map: Catalyst LE

Players

Oliver - Winner!

  • Race: Zerg Zerg
  • League: Diamond
  • Spawn Location: 5:00

TheMcDangler

  • Race: Protoss Protoss
  • League: Diamond
  • Spawn Location: 11:00

VOD

Have the link to the VOD?

Description

Time

  • Played on: April 21, 2018, 8:05 a.m.
  • Length: 10:50
Show
View Real Time Build Order
Export as new Build Order

Oliver Zerg - Winner!

Build Orders: Hatch First, Lurkers 

Get SALT Encoding   

  12  0:00  Drone  
  13  0:13  Overlord  
  13  0:17  Drone  
  14  0:32  Drone x2  
  16  0:50  Hatchery  
  16  0:52  Drone  
  16  0:56  Drone  
  17  1:00  Drone  
  18  1:10  Extractor  
  17  1:16  Spawning Pool  
  17  1:18  Drone  
  17  1:21  Drone  
  18  1:28  Drone  
  19  1:39  Overlord  
  19  1:50  Drone  
  20  2:02  Queen  
  20  2:03  Zergling x4  
  20  2:04  Queen  
  26  2:10  Metabolic Boost  
  26  2:13  Drone  
  26  2:14  Drone  
  28  2:23  Drone  
  28  2:24  Drone  
  30  2:33  Drone  
  31  2:46  Queen  
  31  2:50  Hatchery  
  31  2:51  Overlord  
  32  2:54  Drone  
  32  2:57  Drone  
  34  3:00  Drone  
  35  3:06  Drone  
  35  3:11  Overlord  
  36  3:13  Drone x3  
  36  3:15  Drone  
  40  3:24  Queen  
  40  3:26  Drone x2  
  44  3:31  Zergling x4  
  45  3:45  Spore Crawler  
  43  3:56  Drone x5  
  43  3:57  Drone x4  
  51  4:05  Drone x2  
  51  4:08  Lair  
  53  4:12  Roach Warren  
  53  4:13  Extractor  
  53  4:15  Extractor  
  50  4:20  Drone  
  50  4:21  Drone x3  
  54  4:31  Drone x3, Extractor  
  52  4:35  Drone  
  52  4:36  Drone x2  
  58  4:41  Overlord x3  
  57  4:58  Queen  
  57  4:59  Roach x5, Evolution Chamber  
  68  5:01  Queen  
  68  5:04  Overlord  
  72  5:07  Roach x2  
  72  5:13  Roach x3  
  80  5:26  Drone x3  
  80  5:28  Glial Reconstitution, Zerg Missile Weapons Level 1  
  83  5:32  Overlord x2  
  83  5:35  Drone x3  
  85  5:36  Drone  
  85  5:38  Queen  
  85  5:42  Overseer  
  89  5:46  Drone  
  89  5:47  Overlord  
  90  5:56  Drone x4  
  94  5:59  Extractor  
  94  6:00  Extractor  
  94  6:03  Hydralisk Den  
  91  6:14  Drone x2  
  91  6:15  Drone x2  
  91  6:17  Drone x3  
  99  6:18  Drone x2  
  99  6:20  Drone  
  101  6:26  Roach x3  
  107  6:35  Hatchery  
  107  6:36  Grooved Spines  
  106  6:45  Roach  
  106  6:46  Roach x2  
  112  6:47  Overlord x4  
  112  6:54  Pneumatized Carapace  
  112  6:59  Roach  
  114  7:19  Roach x12  
  114  7:22  Overlord  
  138  7:23  Overlord  
  138  7:24  Overlord x2  
  138  7:48  Roach x5  
  138  7:49  Roach x6  
  160  8:02  Roach x8  
  176  8:13  Overlord  
  176  8:14  Overlord x2  
  176  8:22  Zerg Missile Weapons Level 2  
  176  8:24  Muscular Augments  
  176  8:35  Drone x3  
  176  8:36  Drone x7  
  176  8:38  Extractor  
  176  8:40  Extractor  
  184  8:51  Lurker Den  
  184  8:52  Drone x3  
  184  8:53  Drone x3  
  189  9:05  Hydralisk x6  
  189  9:07  Roach x6  
  199  9:10  Hatchery  
  192  9:22  Ravager x5  
  192  9:23  Ravager, Hydralisk  
  192  9:24  Hydralisk  
  182  9:35  Hydralisk  
  182  9:36  Hydralisk x8  
  180  9:54  Hydralisk  
  180  9:55  Hydralisk x12  
  188  10:11  Hydralisk  
  188  10:12  Hydralisk x8  
  200  10:20  Hydralisk x2  
  200  10:31  Roach  
  194  10:47  Lurker  
  194  10:48  Lurker x5  
Show
View Real Time Build Order
Export as new Build Order

TheMcDangler Protoss 

Build Orders: 1 Gate Expand 

Get SALT Encoding   

  12  0:00  Probe  
  13  0:12  Probe  
  14  0:21  Pylon  
  14  0:25  Probe  
  15  0:39  Probe  
  15  0:41  Gateway  
  16  0:51  Probe  
  16  0:56  Assimilator  
  17  1:03  Probe  
  18  1:15  Probe  
  19  1:26  Nexus  
  19  1:30  Probe  
  20  1:43  Cybernetics Core  
  20  1:47  Probe  
  20  1:53  Pylon  
  21  1:57  Assimilator  
  21  2:01  Probe  
  22  2:11  Adept  
  22  2:13  Probe  
  23  2:22  Warp Gate  
  25  2:26  Probe  
  26  2:36  Twilight Council  
  25  2:38  Probe  
  25  2:43  Adept  
  28  2:50  Probe  
  28  2:51  Shield Battery  
  29  2:53  Probe  
  30  3:02  Probe  
  31  3:05  Probe  
  31  3:08  Stalker  
  34  3:20  Charge  
  34  3:22  Probe x2  
  36  3:28  Gateway  
  34  3:57  Stalker  
  34  4:03  Probe x2  
  34  4:07  Gateway  
  34  4:09  Gateway  
  36  4:11  Gateway  
  36  4:15  Gateway  
  36  4:17  Gateway  
  36  4:19  Pylon  
  36  4:31  Probe x2  
  38  4:38  Zealot  
  41  4:45  Resonating Glaives  
  40  4:46  Probe x2  
  40  4:50  Assimilator  
  42  4:53  Assimilator  
  42  4:56  Robotics Facility, Pylon  
  42  4:58  Probe x2  
  44  5:09  Adept x4  
  52  5:28  Nexus  
  52  5:29  Pylon  
  52  5:30  Probe x2  
  54  5:42  Probe  
  56  5:44  Probe  
  56  5:47  Adept  
  56  5:48  Adept x3  
  64  6:00  Shield Battery  
  64  6:02  Pylon  
  64  6:07  Sentry  
  64  6:08  Sentry x2  
  70  6:15  Pylon  
  70  6:17  Pylon  
  70  6:22  Forge  
  70  6:24  Forge  
  71  6:25  Probe  
  71  6:26  Probe  
  71  6:31  Immortal, Protoss Ground Weapons Level 1  
  71  6:33  Protoss Ground Armor Level 1  
  71  6:36  Pylon  
  74  6:47  Probe  
  74  6:48  Probe x2  
  74  6:53  Zealot  
  74  6:54  Zealot x2  
  83  7:14  Immortal  
  87  7:26  Zealot  
  87  7:27  Zealot x5  
  99  7:30  Probe x2  
  99  7:32  Probe  
  102  7:42  Probe  
  103  7:48  Probe x2, Templar Archives  
  105  7:51  Assimilator, Pylon  
  105  7:54  Shield Battery  
  105  7:55  Probe  
  106  8:00  Immortal, Probe x2  
  108  8:07  Probe  
  108  8:12  Probe x2  
  115  8:20  Probe  
  115  8:24  Probe  
  115  8:26  Probe  
  118  8:32  Probe  
  119  8:36  Probe, Psionic Storm  
  119  8:39  Warp Prism  
  119  8:40  High Templar  
  124  8:44  Pylon  
  124  8:46  Assimilator  
  124  8:48  Pylon  
  124  8:49  Probe  
  124  8:51  Pylon  
  124  8:53  Pylon  
  125  9:01  Probe x2  
  123  9:08  High Templar x4  
  123  9:09  High Templar x2  
  131  9:12  Archon  
  131  9:13  Archon x2  
  123  9:26  Zealot  
  114  9:36  Immortal  
  105  9:43  High Templar x6  
  111  9:47  Archon x2  
  94  10:04  Zealot  
  56  10:16  Zealot x5  
  56  10:17  Zealot  
  56  10:20  Archon  
  66  10:28  Zealot  
Tags
 
Add a new tag
Caveats
  • Supply blocks, unpowered buildings, or Contaminate may cause inaccurate times.
  • Supply counts are checked every 10 seconds.